General information
			
			
        
        - name: BNet
 
        - type: Ladder team game (AT/RT)
 
        - host: Battle.net
 
        - saver: GOKUMAN69
 
        
map: Highperch 
        - players: 6
 
        - length: 26:06
 
        - speed: Fast
 - version: 1.21 W3XP
 - replay type:  Public
 
» download(141 KB)
Players
        team 1 (loser) 
              
              
Born-ToKillU (
yellow | 31 APM | 807 actions | 26:00)
              
 2 Tauren Chieftain 
 1 Shockwave
 1 Endurance Aura
 1 Blademaster 
 1 Wind Walk
 
                » actions 
                
                | Assign group hotkey | 12 |  | 
| Basic commands | 5 |  | 
| Build / train | 56 |  | 
| Enter build submenu | 20 |  | 
| Enter hero's abilities submenu | 3 |  | 
| Remove unit from queue | 1 |  | 
| Right click | 414 |  | 
| Select / deselect | 228 |  | 
| Select group hotkey | 45 |  | 
| Use ability | 23 |  | 
                807 total
 » units 
                
                | Peon | 9 |  | 
| Grunt | 9 |  | 
| Troll Headhunter/Berserker | 3 |  | 
| Shaman | 5 |  | 
| Troll Witch Doctor | 2 |  | 
| Demolisher | 6 |  | 
                34 total
 » upgrades
                
                | Pillage | 1 |  | 
| Spiked Barricades | 2 |  | 
| Armor | 1 |  | 
| Melee Weapons | 1 |  | 
| Shaman Training | 2 |  | 
| Ranged Weapons | 1 |  | 
| Berserker Upgrade | 1 |  | 
| Witch Doctor Training | 2 |  | 
| Burning Oil | 1 |  | 
                12 total
 » buildings
                
                | Altar of Storms | 1 |  | 
| Orc Burrow | 9 |  | 
| Barracks | 2 |  | 
| Voodoo Lounge | 1 |  | 
| Stronghold | 1 |  | 
| War Mill | 1 |  | 
| Spirit Lodge | 2 |  | 
| Fortress | 1 |  | 
                18 total
 » build order
                00:14 Altar of Storms
00:18 Orc Burrow
00:22 Barracks
01:40 Orc Burrow
02:45 Voodoo Lounge
03:55 Orc Burrow
03:59 Orc Burrow
05:11 Stronghold
05:24 Orc Burrow
06:08 War Mill
07:42 Orc Burrow
08:15 Spirit Lodge
08:49 Fortress
11:23 Spirit Lodge
11:36 Orc Burrow
13:54 Orc Burrow
18:43 Barracks
20:37 Orc Burrow
» items
                
                | Scroll of Speed | 1 |  | 
| Orb of Lightning | 1 |  | 
                2 total
  
               
              
              
KarlFranz (
blue | 64 APM | 1657 actions | 25:56)
              
 3 Death Knight 
 2 Death Coil
 1 Unholy Aura
 
                » actions 
                
                | Assign group hotkey | 56 |  | 
| Basic commands | 5 |  | 
| Build / train | 73 |  | 
| Enter build submenu | 22 |  | 
| Enter hero's abilities submenu | 3 |  | 
| Give item / drop item | 2 |  | 
| Right click | 721 |  | 
| Select / deselect | 442 |  | 
| Select group hotkey | 261 |  | 
| Use ability | 72 |  | 
                1657 total
 » units 
                
                | Acolyte | 18 |  | 
| Ghoul | 7 |  | 
| Crypt Fiend | 18 |  | 
| Obsidian Statue | 2 |  | 
| Gargoyle | 1 |  | 
                46 total
 » upgrades
                
                | Web | 1 |  | 
| Burrow | 1 |  | 
| Creature Carapace | 3 |  | 
| Creature Attack | 1 |  | 
| Stone Form | 1 |  | 
                7 total
 » buildings
                
                | Ziggurat | 12 |  | 
| Crypt | 3 |  | 
| Altar of Darkness | 1 |  | 
| Graveyard | 1 |  | 
| Tomb of Relics | 1 |  | 
| Nerubian Tower | 1 |  | 
| Halls of the Dead | 1 |  | 
| Slaughterhouse | 1 |  | 
| Sacrificial Pit | 1 |  | 
| Necropolis | 1 |  | 
| Black Citadel | 2 |  | 
| Spirit Tower | 2 |  | 
                27 total
 » build order
                00:08 Ziggurat
00:11 Crypt
00:35 Altar of Darkness
00:56 Ziggurat
01:17 Graveyard
01:55 Tomb of Relics
03:41 Ziggurat
03:53 Nerubian Tower
04:42 Halls of the Dead
05:38 Ziggurat
07:33 Slaughterhouse
07:41 Sacrificial Pit
07:48 Ziggurat
08:07 Necropolis
10:29 Black Citadel
10:29 Black Citadel
13:23 Ziggurat
13:25 Ziggurat
13:30 Ziggurat
14:39 Crypt
14:46 Crypt
18:30 Ziggurat
18:33 Ziggurat
18:41 Ziggurat
18:43 Ziggurat
19:59 Spirit Tower
20:54 Spirit Tower
» items
                
                | Rod of Necromancy | 1 |  | 
| Potion of Healing | 1 |  | 
| Dust of Appearance | 1 |  | 
| Tiny Great Hall | 1 |  | 
| Staff of Teleportation | 1 |  | 
                5 total
  
               
              
              
LoRd_Rv (
orange | 88 APM | 2289 actions | 26:04)
              
 3 Archmage 
 2 Summon Water Elemental
 1 Brilliance Aura
 1 Mountain King 
 1 Storm Bolt
 1 Paladin 
 1 Holy Light
 
                » actions 
                
                | Assign group hotkey | 29 |  | 
| Build / train | 75 |  | 
| Enter build submenu | 34 |  | 
| Enter hero's abilities submenu | 5 |  | 
| Give item / drop item | 1 |  | 
| Right click | 909 |  | 
| Select / deselect | 510 |  | 
| Select group hotkey | 656 |  | 
| Use ability | 70 |  | 
                2289 total
 » units 
                
                | Peasant | 20 |  | 
| Footman | 5 |  | 
| Centaur Outrunner | 1 |  | 
| Harpy Rogue | 1 |  | 
| Flying Machine | 3 |  | 
| Siege Engine | 5 |  | 
                35 total
 » upgrades
                
                | Masonry | 3 |  | 
| Lumber Harvesting | 2 |  | 
| Gunpowder | 3 |  | 
| Plating | 3 |  | 
| Barrage | 1 |  | 
| Flying Machine Bombs | 1 |  | 
                13 total
 » buildings
                
                | Altar of Kings | 1 |  | 
| Farm | 13 |  | 
| Barracks | 1 |  | 
| Scout Tower | 16 |  | 
| Arcane Tower | 2 |  | 
| Arcane Vault | 1 |  | 
| Town Hall | 1 |  | 
| Keep | 1 |  | 
| Lumber Mill | 1 |  | 
| Guard Tower | 7 |  | 
| Blacksmith | 1 |  | 
| Workshop | 4 |  | 
| Castle | 1 |  | 
                50 total
 » build order
                00:08 Altar of Kings
00:20 Farm
00:28 Barracks
00:57 Farm
01:35 Scout Tower
01:57 Farm
02:18 Arcane Tower
03:13 Arcane Vault
03:49 Farm
05:15 Town Hall
05:20 Scout Tower
05:21 Scout Tower
05:24 Scout Tower
05:30 Keep
05:32 Lumber Mill
06:16 Farm
07:11 Guard Tower
08:02 Blacksmith
08:46 Workshop
08:48 Workshop
09:02 Castle
11:03 Workshop
11:06 Farm
11:08 Farm
11:13 Farm
11:14 Farm
11:15 Farm
11:15 Farm
12:00 Workshop
14:58 Farm
14:58 Farm
15:39 Guard Tower
15:50 Scout Tower
15:51 Scout Tower
15:52 Scout Tower
16:18 Guard Tower
17:01 Guard Tower
17:07 Scout Tower
17:08 Scout Tower
18:36 Guard Tower
19:36 Scout Tower
19:38 Scout Tower
19:40 Scout Tower
20:18 Scout Tower
20:19 Scout Tower
20:20 Scout Tower
20:22 Scout Tower
20:37 Guard Tower
21:16 Guard Tower
21:18 Arcane Tower
» items
                
                | Healing Salve | 2 |  | 
| Staff of Sanctuary | 2 |  | 
| Ivory Tower | 4 |  | 
                8 total
  
               team 2 (winner) 
              
              
GCValentine (
green | 36 APM | 952 actions | 26:05)
              
 4 Blademaster 
 2 Wind Walk
 2 Critical Strike
 
                » actions 
                
                | Basic commands | 5 |  | 
| Build / train | 52 |  | 
| Enter build submenu | 39 |  | 
| Enter hero's abilities submenu | 4 |  | 
| Give item / drop item | 2 |  | 
| Remove unit from queue | 2 |  | 
| Right click | 589 |  | 
| Select / deselect | 177 |  | 
| Use ability | 82 |  | 
                952 total
 » units 
                
                | Peon | 10 |  | 
| Troll Batrider | 9 |  | 
| Kodo Beast | 1 |  | 
| Wind Rider | 6 |  | 
                26 total
 » upgrades
                
                | Ranged Weapons | 3 |  | 
| Armor | 2 |  | 
| Spiked Barricades | 1 |  | 
| Liquid Fire | 1 |  | 
| Reinforced Defenses | 1 |  | 
| War Drums Damage Increase | 1 |  | 
| Envenomed Spears | 1 |  | 
                10 total
 » buildings
                
                | Altar of Storms | 1 |  | 
| War Mill | 1 |  | 
| Orc Burrow | 9 |  | 
| Watch Tower | 24 |  | 
| Stronghold | 1 |  | 
| Voodoo Lounge | 2 |  | 
| Beastiary | 2 |  | 
| Fortress | 1 |  | 
                41 total
 » build order
                00:07 Altar of Storms
00:13 War Mill
00:26 Orc Burrow
02:10 Watch Tower
02:20 Watch Tower
02:35 Watch Tower
03:03 Watch Tower
03:22 Watch Tower
03:31 Watch Tower
04:03 Stronghold
04:07 Voodoo Lounge
04:26 Watch Tower
04:31 Watch Tower
04:35 Watch Tower
04:50 Voodoo Lounge
05:36 Watch Tower
05:40 Watch Tower
05:42 Watch Tower
05:44 Watch Tower
06:13 Orc Burrow
06:16 Orc Burrow
06:36 Beastiary
06:41 Beastiary
07:00 Watch Tower
07:03 Watch Tower
07:06 Watch Tower
07:40 Fortress
07:47 Orc Burrow
08:18 Watch Tower
08:20 Watch Tower
08:31 Watch Tower
09:33 Watch Tower
09:36 Watch Tower
09:38 Watch Tower
09:42 Watch Tower
11:09 Watch Tower
20:57 Orc Burrow
20:59 Orc Burrow
21:00 Orc Burrow
21:01 Orc Burrow
21:17 Orc Burrow
» items
                
                | Healing Salve | 1 |  | 
| Orb of Lightning | 1 |  | 
| Lesser Clarity Potion | 2 |  | 
| Boots of Speed | 1 |  | 
| Staff of Teleportation | 1 |  | 
| Scroll of Town Portal | 1 |  | 
                7 total
  
               
              
              
GOKUMAN69 (
purple | 46 APM | 1209 actions | 26:06)
              
 2 Archmage 
 1 Blizzard
 1 Brilliance Aura
 2 Blood Mage 
 1 Flame Strike
 1 Siphon Mana
 
                » actions 
                
                | Assign group hotkey | 1 |  | 
| Basic commands | 1 |  | 
| Build / train | 104 |  | 
| Enter build submenu | 82 |  | 
| Enter hero's abilities submenu | 4 |  | 
| Right click | 443 |  | 
| Select / deselect | 438 |  | 
| Select group hotkey | 1 |  | 
| Use ability | 133 |  | 
                1209 total
 » units 
                
                | Peasant | 18 |  | 
| Dragonhawk Rider | 3 |  | 
| Flying Machine | 1 |  | 
                22 total
 » upgrades
                
                | Masonry | 3 |  | 
| Lumber Harvesting | 3 |  | 
| Magic Sentry | 1 |  | 
| Swords | 3 |  | 
| Plating | 3 |  | 
| Animal War Training | 1 |  | 
| Cloud | 1 |  | 
                15 total
 » buildings
                
                | Lumber Mill | 1 |  | 
| Altar of Kings | 2 |  | 
| Farm | 12 |  | 
| Scout Tower | 68 |  | 
| Guard Tower | 30 |  | 
| Keep | 1 |  | 
| Arcane Tower | 6 |  | 
| Arcane Sanctum | 1 |  | 
| Town Hall | 1 |  | 
| Castle | 1 |  | 
| Barracks | 1 |  | 
| Gryphon Aviary | 2 |  | 
| Blacksmith | 1 |  | 
| Arcane Vault | 1 |  | 
| Workshop | 1 |  | 
| Cannon Tower | 8 |  | 
                137 total
 » build order
                00:04 Lumber Mill
00:14 Altar of Kings
00:15 Farm
00:19 Altar of Kings
00:53 Scout Tower
00:57 Scout Tower
01:09 Farm
01:32 Guard Tower
01:32 Guard Tower
01:33 Guard Tower
01:52 Scout Tower
02:14 Guard Tower
02:18 Scout Tower
02:18 Guard Tower
02:20 Scout Tower
02:44 Guard Tower
02:49 Guard Tower
02:51 Scout Tower
02:52 Scout Tower
02:54 Scout Tower
02:55 Scout Tower
03:19 Guard Tower
03:20 Guard Tower
03:35 Keep
03:58 Guard Tower
04:01 Scout Tower
04:24 Scout Tower
04:31 Guard Tower
04:33 Scout Tower
04:34 Scout Tower
04:38 Scout Tower
04:42 Scout Tower
05:19 Guard Tower
05:22 Guard Tower
05:25 Farm
05:25 Farm
05:52 Scout Tower
05:53 Guard Tower
05:56 Arcane Tower
05:58 Scout Tower
06:35 Arcane Tower
06:36 Arcane Tower
06:40 Arcane Sanctum
07:01 Town Hall
07:03 Guard Tower
07:05 Scout Tower
07:07 Scout Tower
07:08 Scout Tower
07:10 Scout Tower
07:11 Scout Tower
07:13 Scout Tower
07:14 Scout Tower
07:39 Castle
07:42 Barracks
07:48 Gryphon Aviary
08:11 Arcane Tower
08:18 Scout Tower
08:19 Scout Tower
08:20 Scout Tower
08:31 Scout Tower
08:32 Scout Tower
08:34 Scout Tower
08:35 Scout Tower
08:42 Blacksmith
09:09 Arcane Vault
09:23 Gryphon Aviary
09:27 Farm
09:29 Farm
09:30 Farm
10:08 Guard Tower
10:22 Guard Tower
11:37 Guard Tower
11:54 Arcane Tower
11:54 Arcane Tower
12:48 Workshop
13:01 Scout Tower
13:03 Scout Tower
13:04 Scout Tower
13:05 Scout Tower
13:07 Scout Tower
13:12 Scout Tower
13:14 Scout Tower
13:16 Scout Tower
13:23 Scout Tower
13:24 Scout Tower
13:26 Scout Tower
13:27 Scout Tower
13:34 Guard Tower
14:25 Cannon Tower
14:30 Cannon Tower
14:36 Guard Tower
14:40 Cannon Tower
14:42 Scout Tower
14:55 Cannon Tower
14:56 Guard Tower
14:59 Scout Tower
15:42 Cannon Tower
15:57 Cannon Tower
15:57 Cannon Tower
16:07 Scout Tower
16:09 Cannon Tower
16:24 Scout Tower
16:24 Scout Tower
17:28 Guard Tower
17:44 Scout Tower
19:25 Farm
19:26 Farm
19:41 Guard Tower
19:58 Scout Tower
19:59 Scout Tower
21:09 Guard Tower
22:26 Scout Tower
22:27 Scout Tower
22:29 Scout Tower
22:35 Scout Tower
22:36 Scout Tower
22:41 Scout Tower
22:59 Guard Tower
22:59 Guard Tower
23:03 Scout Tower
23:05 Scout Tower
23:10 Scout Tower
23:28 Guard Tower
23:30 Scout Tower
23:33 Scout Tower
24:19 Farm
24:20 Farm
24:20 Farm
24:25 Guard Tower
24:56 Guard Tower
24:57 Scout Tower
25:00 Scout Tower
25:03 Scout Tower
25:05 Scout Tower
25:34 Guard Tower
25:39 Scout Tower
25:40 Scout Tower
» items
                
                | Boots of Speed | 1 |  | 
| Staff of Teleportation | 1 |  | 
                2 total
  
               
              
              
Mr.Wookums (
pink | 32 APM | 822 actions | 26:05)
              
 3 Warden 
 2 Shadow Strike
 1 Blink
 
                » actions 
                
                | Assign group hotkey | 6 |  | 
| Basic commands | 1 |  | 
| Build / train | 53 |  | 
| Enter build submenu | 14 |  | 
| Enter hero's abilities submenu | 3 |  | 
| Give item / drop item | 2 |  | 
| Right click | 466 |  | 
| Select / deselect | 211 |  | 
| Use ability | 66 |  | 
                822 total
 » units 
                
                | Wisp | 23 |  | 
| Druid of the Talon | 11 |  | 
                34 total
 » upgrades
                
                | Druid of the Talon Training | 2 |  | 
| Well Spring | 1 |  | 
| Strength of the Wild | 2 |  | 
| Reinforced Hides | 2 |  | 
| Mark of the Talon | 1 |  | 
| Nature's Blessing | 1 |  | 
                9 total
 » buildings
                
                | Altar of Elders | 1 |  | 
| Moon Well | 8 |  | 
| Tree of Life | 1 |  | 
| Tree of Ages | 1 |  | 
| Tree of Eternity | 1 |  | 
| Hunter's Hall | 1 |  | 
| Ancient of Wonders | 1 |  | 
| Ancient of Wind | 4 |  | 
                18 total
 » build order
                00:07 Altar of Elders
00:30 Moon Well
01:45 Moon Well
02:55 Moon Well
03:01 Moon Well
05:50 Tree of Life
06:09 Tree of Ages
08:31 Moon Well
08:34 Tree of Eternity
08:39 Moon Well
09:11 Hunter's Hall
09:32 Ancient of Wonders
10:36 Ancient of Wind
10:37 Ancient of Wind
10:56 Ancient of Wind
10:58 Ancient of Wind
13:32 Moon Well
13:37 Moon Well
» items
                
                | Boots of Speed | 1 |  | 
| Staff of Teleportation | 1 |  | 
| Tiny Great Hall | 1 |  | 
| Orb of Lightning | 1 |  | 
                4 total
  
                Chat log
          (00:36 / Allies) Mr.Wookums: who is this?
(00:41 / Allies) GOKUMAN69: dont know
(01:02 / Allies) Mr.Wookums: travor or something
(12:50 / All) LoRd_Rv: o_O
(13:09 / All) KarlFranz: watching too much replays?
(13:18 / All) GOKUMAN69: what?
(13:18 / All) LoRd_Rv: xD
(13:54 / All) KarlFranz: i saw your technique on replays
(14:02 / All) GOKUMAN69: cool
(14:08 / All) Mr.Wookums: towering?
(14:10 / All) KarlFranz: not really
(14:13 / All) Mr.Wookums: why would you watch towering replays
(14:14 / All) KarlFranz: very borring
(14:19 / All) GOKUMAN69: then quit
(14:27 / All) KarlFranz: :)
(16:16 / All) GCValentine: didn't learn much from those reps i see
(16:32 / All) GCValentine: are you stupid?
(16:39 / All) KarlFranz: ?
(16:43 / All) Born-ToKillU: shut up and play
(17:05 / All) GCValentine: i hear nobody talking, what did that mean?
(17:15 / All) GOKUMAN69: noobs bro
(20:48 / All) KarlFranz: whats the point with wining once every hour with a lame technique?
(20:54 / All) Mr.Wookums: hour?
(20:56 / All) Mr.Wookums: more like 4
(20:58 / All) GOKUMAN69: owning noobs man
(21:05 / All) KarlFranz: lol
(21:09 / All) KarlFranz: okkkk
(21:09 / All) GCValentine: the 27 hour games are best yo
(21:17 / All) Mr.Wookums: my longest has only been an 8 T_T
(25:59 / All) GOKUMAN69: Gg
(26:02 / All) LoRd_Rv: noob
(26:03 / All) Mr.Wookums: gg